 Dungeon Crawl Stone Soup version 0.30-a0-596-g0af90f9a20 (webtiles) character file.

Game seed: 17740606036678053688

78 OTABOTABOTAB the Conjurer (level 4, 0/24 HPs)
             Began as a Deep Elf Conjurer on Jan 6, 2023.
             Succumbed to a goblin's poison
             ... on level 2 of the Dungeon.
             The game lasted 00:02:38 (1998 turns).

OTABOTABOTAB the Conjurer (Deep Elf Conjurer)       Turns: 1998, Time: 00:02:38

Health: 0/24       AC:  3    Str:  4 (6)  XL:     4   Next: 15%
Magic:  4/12       EV: 12    Int: 22 (23) God:
Gold:   95         SH:  0    Dex: 12 (13) Spells: 0/11 levels left

rFire   . . .      SeeInvis .    f - +0 club
rCold   . . .      Faith    .    (no shield)
rNeg    . . .      Spirit   .    a - +0 robe
rPois   .          Reflect  .    c - +0 helmet
rElec   .          Harm     .    (no cloak)
rCorr   .          Rampage  .    (no gloves)
Will    .....                    (no boots)
Stlth   ++                       (no amulet)
HPRegen 0.24/turn                (no ring)
MPRegen 0.13/turn                (no ring)

@: brilliant, lethally poisoned (0 -> -1), invisible
A: no striking features
a: no special abilities


You were on level 2 of the Dungeon.
You visited 1 branch of the dungeon, and saw 2 of its levels.

You collected 95 gold pieces.

Inventory:

Hand Weapons
 f - a +0 club (weapon)
   (You took it off a goblin on level 1 of the Dungeon)
Missiles
 b - 7 poisoned darts
 l - 3 boomerangs
 s - 17 stones
Armour
 a - a +0 robe (worn)
 c - a +0 helmet (worn)
   (You found it on level 1 of the Dungeon)
Scrolls
 d - a scroll of teleportation {unknown}
 h - a scroll of torment {unknown}
 i - a scroll of blinking {unknown}
 j - a scroll of magic mapping {unknown}
 m - a scroll of amnesia {unknown}
 n - 2 scrolls of noise {unknown}


   Skills:
 - Level 2.4 Dodging
 - Level 2.4 Stealth
 + Level 4.1 Spellcasting
 * Level 5.7 Conjurations
 + Level 0.2 Hexes
 + Level 0.1 Translocations


You couldn't memorise any spells.
You knew the following spells:

 Your Spells              Type           Power      Damage    Failure   Level
a - Magic Dart            Conj           100%       1d8       1%          1
b - Searing Ray           Conj           88%        2d7       1%          2
c - Fulminant Prism       Conj/Hex       13%        3d9       32%         4
x - Iskenderun's Mystic   Conj/Tloc      26%        2d7       32%         4

Your spell library contained the following spells:

 Spells                   Type           Power      Damage    Failure   Level
 Dazzling Flash           Conj/Hex       52%        N/A       10%         3
 Kindle Blastsparks       Fire/Tloc/Air  14%        2d11      32%         3
 Lee's Rapid Deconstruct  Erth           3%         3d5*      97%         5
 Disjunction              Tloc           4%         N/A       100%        8


Dungeon Overview and Level Annotations

Branches:
Dungeon (2/15)

Altars:


Message History

The endoplasm quivers.
MP restored: 12 An endoplasm is nearby!
An endoplasm is nearby!
The magic dart hits the endoplasm.
You now have 11/12 mp.
You barely miss the endoplasm. The endoplasm barely misses you.
Aim: an endoplasm (heavily wounded, 98% to hit)
The searing ray hits the endoplasm!
You kill the endoplasm! (Press . to maintain the ray.)
You now have 9/12 mp.
You now have 8/12 mp.
You now have 7/12 mp.
A bat and a ball python come into view.
Found a stone staircase leading down and a stone staircase leading up.
MP restored: 12
There are monsters nearby!
There are monsters nearby!
The magic dart hits the bat.
The ball python hisses angrily.
The bat hits you but does no damage.
You now have 11/12 mp.
You barely miss the bat. The bat closely misses you.
A goblin comes into view. It is wielding a +2 dagger of venom.
The goblin shouts!
You hit the bat. The bat barely misses you. x2
You closely miss the ball python. The ball python barely misses you.
The ball python closely misses you.
You hit the ball python but do no damage.
The ball python bites you. The ball python misses you.
The ball python bites you. The ball python closely misses you.
You take 3 damage, and have 21/24 hp.
Unknown command.
You closely miss the ball python. The ball python bites you.
The ball python closely misses you.
MP restored: 12 You closely miss the ball python.
The ball python barely misses you. The ball python grabs you.
The ball python constricts you. The ball python bites you.
The ball python constricts you.
You take 4 damage, and have 17/24 hp.
Aim: a bat (severely wounded, 69% to hit)
The searing ray hits the ball python.
You kill the ball python!
The searing ray hits the bat.
You kill the bat! (Press . to maintain the ray.)
A kobold comes into view. It is wielding a +0 short sword.
You now have 10/12 mp.
You hit the goblin. The goblin hits you but does no damage.
You are poisoned.
You feel sick.
The goblin hits you with a +2 dagger of venom.
You are more poisoned.
You take 5 damage, and have 13/24 hp.
MASSIVE DAMAGE!!
The searing ray misses the goblin. (Press . to maintain the ray.)
You feel sick. The goblin hits you but does no damage.
You take 2 damage, and have 11/24 hp.
You now have 8/12 mp.
The searing ray hits the goblin!
You kill the goblin!
You feel very sick.
You take 3 damage, and have 8/24 hp.
You now have 7/12 mp.
You feel sick.
The kobold throws a stone.
The stone hits you.
* * * LOW HITPOINT WARNING * * *
You take 3 damage, and have 5/24 hp.
You now have 6/12 mp.
Unknown command.
It was a potion of degeneration.
There was something very wrong with that liquid.
You feel weakened.
You feel dopey.
You feel clumsy.
* * * LOW HITPOINT WARNING * * *
You feel sick.
You take 1 damage, and have 4/24 hp.
It was a potion of brilliance.
You feel clever all of a sudden.
* * * LOW HITPOINT WARNING * * *
You feel sick.
You take 1 damage, and have 3/24 hp.
It was a potion of invisibility.
You fade into invisibility!
* * * LOW HITPOINT WARNING * * *
You feel sick. The kobold closely misses you.
You take 1 damage, and have 2/24 hp.
You feel a surge of power!
The searing ray hits the kobold!
You kill the kobold! (Press . to maintain the ray.)
* * * LOW HITPOINT WARNING * * *
You feel sick.
You take 1 damage, and have 1/24 hp.
You now have 6/12 mp.
* * * LOW HITPOINT WARNING * * *
You feel sick.
You now have 5/12 mp.
Unknown command.
You aren't carrying any potions.
Okay, then.
You die...

##.<.......## #.
'.........' ..
......... #.
......> ..... ...
#)# ##@#######
#........#
#..#####.#
########...## #.#
............###.#
########.....##.#
#..##.##.######.
#..##...........
#..#####.#######


There were no monsters in sight!

Vanquished Creatures
  An orc priest (D:2)
  A dart slug (D:1)
  2 orcs (D:2)
  4 ball pythons
  4 endoplasms
  4 giant cockroaches
  2 goblins
  2 hobgoblins
  8 jackals
  4 kobolds
  A quokka (D:1)
  3 bats
  2 rats
38 creatures vanquished.

Notes
Turn   | Place    | Note
-------+----------+-------------------------------------------
     0 | D:1      | OTABOTABOTAB the Deep Elf Conjurer began the quest for the
                  | Orb.
     0 | D:1      | Reached XP level 1. HP: 10/10 MP: 6/6
   217 | D:1      | Got the Annotations on the Twisted Volcano
   255 | D:1      | HP: 2/10 [jackal (2)]
   260 | D:1      | Reached XP level 2. HP: 4/15 MP: 4/8
   311 | D:1      | Learned a level 2 spell: Searing Ray
   733 | D:1      | Reached skill level 5 in Conjurations
  1135 | D:2      | Reached skill level 4 in Spellcasting
  1135 | D:2      | Reached XP level 3. HP: 19/19 MP: 2/10
  1527 | D:2      | Reached XP level 4. HP: 24/24 MP: 10/12
  1571 | D:2      | Learned a level 4 spell: Fulminant Prism
  1576 | D:2      | Learned a level 4 spell: Iskenderun's Mystic Blast
  1992 | D:2      | HP: 5/24 [kobold/stone (2)]
  1995 | D:2      | HP: 2/24 [poisoned by a goblin]
  1998 | D:2      | Succumbed to a goblin's poison

Illustrated notes

Levels and vault maps discovered:
D:1:      zaba_arrival_water, layout_loops_corners, nrook_mini_vaults,
          amcnicky_mini_pool_small
D:2:      layout_loops_corners

Skill      XL: |  1  2 |
---------------+-------+-----
Conjurations   | 5 |  5.7
Spellcasting   | 4 |  4.1
Dodging        | |  2.4
Stealth        | |  2.4
Hexes          | |  0.2
Translocations | |  0.1

Action                   |  1- 3 |  4- 6 || total
-------------------------+-------+-------++-------
Melee: Unarmed           |    12 |       ||    12
       Club              |     5 |    11 ||    16
 Cast: Magic Dart        |    46 |     5 ||    51
       Searing Ray       |     3 |     5 ||     8
  Use: Potion            |     1 |     3 ||     4
Armor: Robe              |    13 |     5 ||    18
Dodge: Dodged            |    20 |    12 ||    32

Table legend: (Time is in decaauts)
 A = Elapsed time spent in this place.
 B = Non-inter-level travel time spent in this place.
 C = Inter-level travel time spent in this place.
 D = Time resting spent in this place.
 E = Time spent auto-exploring this place.
 F = Levels seen in this place.
 G = Mean time per level.
                   A        B        C        D        E       F      G
               +--------+--------+--------+--------+--------+-----+--------+
         Total |   2008 |   1985 |     23 |    121 |   1678 |   2 | 1004.0 |
       Dungeon |   2008 |   1985 |     23 |    121 |   1678 |   2 | 1004.0 |
               +--------+--------+--------+--------+--------+-----+--------+

Top non-repeatable levels by time:
     D:1: 1014 daAuts
     D:2: 994 daAuts

Table legend:
 A = Kills in this place as a percentage of kills in entire the game.
 B = Kills by you in this place as a percentage of kills by you in the entire game.
 C = Kills by friends in this place as a percentage of kills by friends in the entire game.
 D = Other kills in this place as a percentage of other kills in the entire game.
 E = Experience gained in this place as a percentage of experience gained in the entire game.
 F = Experience gained in this place divided by the number of levels of this place that you have seen.
                   A       B       C       D       E      F
               +-------+-------+-------+-------+-------+----------------------
         Total | 100.0 | 100.0 |   N/A |   N/A | 100.0 |  56.0
       Dungeon | 100.0 | 100.0 |   N/A |   N/A | 100.0 |  56.0
               +-------+-------+-------+-------+-------+----------------------
